 Dungeon Crawl Stone Soup version 0.30-a0-322-g102857c98e (webtiles) character file.

Game seed: 382220017486896136

1596 p00ps00p the Chopper (level 8, -1/100 (109) HPs)
             Began as a Hill Orc Fighter on Oct 28, 2022.
             Was a Believer of Beogh.
             Slain by a wight
             ... wielding a +3 halberd of freezing
              (7 damage)
             ... on level 7 of the Dungeon.
             The game lasted 00:16:26 (5118 turns).

p00ps00p the Chopper (Hill Orc Fighter)             Turns: 5118, Time: 00:16:27

HP:   -1/100 (109)  AC: 28    Str: 21    XL:     8   Next: 93%
MP:   0/8           EV:  2    Int:  8    God:    Beogh [**....]
Gold: 166           SH:  5    Dex: 10    Spells: 7/7 levels left

rFire   . . .      SeeInvis .    E - +0 broad axe
rCold   . . .      Faith    .    c - +0 buckler
rNeg    . . .      Spirit   +    (body armour currently unavailable)
rPois   +          Reflect  .    (helmet currently unavailable)
rElec   .          Harm     .    (cloak currently unavailable)
rCorr   .          Rampage  .    (gloves currently unavailable)
Will    .....      NoTele   +    (boots currently unavailable)
Stlth   +.........               f - amulet of guardian spirit
HPRegen 0.36/turn                z - +4 ring of protection
MPRegen 0.11/turn                (no ring)

@: mighty, tree-form, drained
A: stationary, stasis, torment immunity, boosted hp
a: Renounce Religion, Smiting


You were on level 7 of the Dungeon.
You worshipped Beogh.
Beogh was pleased with you.
You were a tree.
You visited 1 branch of the dungeon, and saw 7 of its levels.

You collected 294 gold pieces.
You spent 128 gold pieces at shops.

Inventory:

Hand Weapons
 a - a +0 war axe
 E - a +0 broad axe (weapon)
Missiles
 h - 12 poisoned darts (quivered)
 l - 3 curare-tipped darts
 m - 4 atropa-tipped darts
Armour
 c - a +0 buckler (worn)
 w - an orb of energy
 y - a +3 chain mail of poison resistance (melded)
 H - +0 steam dragon scales
Jewellery
 b - a ring of fire
 f - an amulet of guardian spirit (around neck)
 z - a +4 ring of protection (left branch)
 D - a ring of wizardry
Wands
 o - a wand of roots (8)
 x - a wand of paralysis (15)
Scrolls
 e - 7 scrolls of identify {unknown}
 i - a scroll of summoning {unknown}
 j - 3 scrolls of enchant weapon {unknown}
 n - a scroll of magic mapping {unknown}
 q - a scroll of noise {unknown}
 r - a scroll of fear {unknown}
 u - a scroll of poison {unknown}
 G - 2 scrolls of vulnerability {unknown}
Potions
 g - a potion of attraction {unknown}
 k - 2 potions of curing
 p - 4 potions of flight
 s - a potion of brilliance {unknown}
 t - a potion of berserk rage {unknown}
 v - a potion of lignification
 A - 2 potions of heal wounds {unknown}
 B - 2 potions of mutation {unknown}
 C - a potion of resistance
 F - a potion of magic {unknown}


   Skills:
 + Level 7.5 Fighting
 + Level 7.5 Axes
 + Level 6.8 Armour
 + Level 6.8 Shields


You had 7 spell levels left.
You didn't know any spells.
Your spell library contained the following spells:

 Spells                   Type           Power      Damage    Failure   Level
 Kiss of Death            Conj/Necr      0%         2d5       50%         1
 Summon Small Mammal      Summ           0%         N/A       50%         1
 Blink                    Tloc           0%         N/A       63%         2
 Call Canine Familiar     Summ           0%         N/A       86%         3
 Confusing Touch          Hex            0%         N/A       86%         3
 Summon Guardian Golem    Hex/Summ       0%         N/A       86%         3
 Dispel Undead            Necr           0%         3d6       99%         4
 Manifold Assault         Tloc           0%         N/A       99%         4
 Summon Forest            Summ/Tloc      0%         N/A       100%        5
 Summon Mana Viper        Hex/Summ       0%         N/A       100%        5
 Summon Cactus Giant      Summ           0%         N/A       100%        6
 Storm Form               Tmut/Air       0%         N/A       100%        7


Dungeon Overview and Level Annotations

Branches:
Dungeon (7/15)             Temple (0/1) D:5

Altars:
Cheibriados
Nemelex Xobeh
Ru
Vehumet
Wu Jian
Xom
Yredelemnul

Shops:
D:3 [   D:5 (


Message History

The wight is severely damaged.
You completely miss the wight. You barely miss the wight.
The wight closely misses you. The wight barely misses you.
The wight hits you from afar with a +3 halberd of freezing.
You feel drained. The wight freezes you. The wight hits you with a +4 scimitar!
You barely miss the wight.
The wight is severely damaged.
You completely miss the wight. You hit the wight but do no damage.
You block the wight's attack.
The wight hits you with a +3 long sword of freezing.
* * * LOW HITPOINT WARNING * * *
The wight freezes you.
* * * LOW HITPOINT WARNING * * *
The wight barely misses you. The wight hits you with a +4 scimitar.
* * * LOW HITPOINT WARNING * * *
You feel drained.
You feel better.
The wight hits you with a +3 long sword of freezing!
* * * LOW HITPOINT WARNING * * *
You feel drained. The wight freezes you.
* * * LOW HITPOINT WARNING * * *
You block the wight's attack. The wight barely misses you.
You feel very mighty all of a sudden.
The wight hits you with a +3 long sword of freezing.
* * * LOW HITPOINT WARNING * * *
You feel drained.
* * * LOW HITPOINT WARNING * * *
The wight freezes you.
* * * LOW HITPOINT WARNING * * *
The wight hits you but does no damage. x2
The wight hits you from afar with a +3 halberd of freezing.
* * * LOW HITPOINT WARNING * * *
The wight freezes you.
* * * LOW HITPOINT WARNING * * *
It was a potion of lignification.
You turn into a tree.
Your +3 chain mail of poison resistance melds into your body.
You no longer feel resistant to poison.
Your roots penetrate the ground.
The wight hits you but does no damage. x2
The wight hits you from afar with a +3 halberd of freezing!
You die...

#.....####+#######...
#.....#.....# #...
#.....'.....# #...
#.....#.....# +...
#.....#....## #...
#.....#'#### ...##
#.....#....# ...#.
#...>.#....# .. #.
#...♣z'....# #.
#..z.z#....# ##
#..?z.#....#
#.....#.....#
#.....+.....#
#.....#.....+
#.....###+### #......


You could see 4 wights.

Vanquished Creatures
  The ghost of bronco the Chopper, an amateur HORe (D:3)
  A steam dragon (D:6)
  An ice beast (D:6)
  A sky beast (D:7)
  2 black bears (D:6)
  Pargi (D:3)
  An ogre (D:4)
  3 scorpions (D:5)
  A necrophage (D:6)
  3 orc priests (D:5)
  2 hounds
  Ijyb (D:3)
  3 iguanas
  4 orc wizards
  10 adders
  A shadow imp (D:6)
  3 worms
  2 dart slugs
  9 orcs
  8 ball pythons
  6 bats
  5 endoplasms
  5 giant cockroaches
  11 goblins
  6 hobgoblins
  3 jackals (D:4)
  9 kobolds
  4 quokkas
  5 frilled lizards
  6 rats (D:1)
118 creatures vanquished.

Vanquished Creatures (others)
  An orc priest (D:3)
  A white imp (D:3)
  An adder simulacrum (D:3)
  2 orcs (D:3)
  A goblin (D:3)
  2 ball python simulacra (D:3)
  A quokka simulacrum (D:3)
9 creatures vanquished.

Grand Total: 127 creatures vanquished

Notes
Turn   | Place    | Note
-------+----------+-------------------------------------------
     0 | D:1      | p00ps00p the Hill Orc Fighter began the quest for the Orb.
     0 | D:1      | Reached XP level 1. HP: 19/19 MP: 1/1
   113 | D:1      | Reached XP level 2. HP: 27/27 MP: 2/2
   424 | D:1      | Reached XP level 3. HP: 28/33 MP: 3/3
  1016 | D:2      | Reached XP level 4. HP: 37/40 MP: 4/4
  1797 | D:2      | Found a faded altar of an unknown god.
  1833 | D:3      | Noticed Pargi
  1834 | D:3      | Found a runed translucent gate.
  1835 | D:3      | Found a runed translucent gate.
  1846 | D:3      | Killed Pargi
  1847 | D:3      | Reached XP level 5. HP: 33/47 MP: 5/5
  1847 | D:3      | Found a runed translucent gate.
  1915 | D:3      | Became a worshipper of Beogh the Brigand
  2102 | D:3      | Reached skill level 5 in Fighting
  2123 | D:3      | Reached XP level 6. HP: 47/56 MP: 6/6
  2165 | D:3      | Noticed Ijyb
  2171 | D:3      | Paralysed by Ijyb for 2 turns
  2178 | D:3      | Paralysed by Ijyb for 4 turns
  2187 | D:3      | Killed Ijyb
  2279 | D:3      | Noticed bronco's ghost (amateur HORe)
  2287 | D:3      | Found Ceschuy's Antique Armour Boutique.
  2429 | D:3      | Killed bronco's ghost
  2430 | D:3      | Reached skill level 5 in Axes
  2430 | D:3      | Reached skill level 5 in Armour
  2430 | D:3      | Reached skill level 5 in Shields
  3042 | D:4      | Reached XP level 7. HP: 61/61 MP: 7/7
  3219 | D:4      | Found a sparkling altar of Nemelex Xobeh.
  3219 | D:4      | Found a basalt altar of Yredelemnul.
  3387 | D:4      | Found a radiant altar of Vehumet.
  3390 | D:4      | Found a sacrificial altar of Ru.
  3391 | D:4      | Found an ornate altar of the Wu Jian Council.
  3402 | D:4      | Found a snail-covered altar of Cheibriados.
  3443 | D:4      | Reached * piety under Beogh
  3526 | D:5      | Entered Level 5 of the Dungeon
  3526 | D:5      | Found a staircase to the Ecumenical Temple.
  3563 | D:5      | Found Etherur's Antique Weapon Boutique.
  3572 | D:5      | Bought a broad axe for 128 gold pieces
  3886 | D:5      | Reached XP level 8. HP: 51/71 MP: 6/8
  4693 | D:6      | Reached ** piety under Beogh
  4718 | D:6      | Found a shimmering altar of Xom.
  5118 | D:7      | Slain by a wight

Illustrated notes

Levels and vault maps discovered:
D:1:      dpeg_arrival_subterranean_lakeside_camping, layout_basic,
          minmay_heptomino_d4
D:2:      layout_basic, hellmonk_ecumenical_altar_prayer_group
D:3:      layout_loops_ring, serial_shops, shop, gammafunk_ghost_icy,
          uniq_pargi, uniq_ijyb
D:4:      layout_cave_pools, minitemple
D:5:      layout_loops_ring, minmay_temple_entry_overgrown, serial_shops,
          nicolae_shop_trees, kennysheep_nub
D:6:      layout_basic, xom_teletrap_fun
D:7:      layout_gridville

Skill      XL: |  1  2  3  4  5  6  7  8 |
---------------+-------------------------+-----
Axes           | 3 4 5 6 7 |  7.5
Fighting       | 4 5 6 7 |  7.5
Shields        | 4 5 6 |  6.8
Armour         | 4 5 6 |  6.8

Action                   |  1- 3 |  4- 6 |  7- 9 || total
-------------------------+-------+-------+-------++-------
Melee: War axe           |   111 |   167 |    43 ||   321
       Broad axe         |       |       |   108 ||   108
Invok: Convert to Beogh  |       |     1 |       ||     1
  Use: Potion            |     4 |       |     3 ||     7
Armor: Scale mail        |    68 |    79 |       ||   147
       Chain mail        |       |    43 |   112 ||   155
       Skin              |       |       |     2 ||     2
Dodge: Dodged            |    79 |    88 |    56 ||   223
Block: Buckler           |    26 |    53 |    38 ||   117

Table legend: (Time is in decaauts)
 A = Elapsed time spent in this place.
 B = Non-inter-level travel time spent in this place.
 C = Inter-level travel time spent in this place.
 D = Time resting spent in this place.
 E = Time spent auto-exploring this place.
 F = Levels seen in this place.
 G = Mean time per level.
                   A        B        C        D        E       F      G
               +--------+--------+--------+--------+--------+-----+--------+
         Total |   5274 |   5139 |    135 |    200 |   3478 |   7 |  753.4 |
       Dungeon |   5274 |   5139 |    135 |    200 |   3478 |   7 |  753.4 |
               +--------+--------+--------+--------+--------+-----+--------+

Top non-repeatable levels by time:
     D:2: 1248 daAuts
     D:3: 1068 daAuts
     D:5: 882 daAuts
     D:4: 676 daAuts
     D:1: 653 daAuts
     D:6: 504 daAuts
     D:7: 240 daAuts
